 Dungeon Sprint DCSS version 0.28-a0-29-g0adfcbbeba (webtiles) character file.

Game seed: 3135733610834772071

289 Conn the Arsonist (level 6, 0/37 HPs)
             Began as an Octopode Fire Elementalist on July 27, 2021.
             Was an Initiate of Sif Muna.
             Slain by a yak (17 damage)
             ... in the Dungeon (Sprint I: "Red Sonja").
             The game lasted 00:05:41 (526 turns).

Conn the Arsonist (Octopode Fire Elementalist)       Turns: 526, Time: 00:05:41

Health: 0/37       AC:  1    Str:  7    XL:     6   Next: 31%
Magic:  8/13       EV: 14    Int: 20    God:    Sif Muna [......]
Gold:   297        SH:  0    Dex: 12    Spells: 7/14 levels left

rFire   . . .      SeeInvis .   c - +4 scythe
rCold   . . .      Faith    .   (shield currently unavailable)
rNeg    . . .      Spirit   .   (helmet restricted)
rPois   .          Reflect  .   (no amulet)
rElec   .          Harm     .   (no ring)
rCorr   .          Rampage  .   (no ring)
Will    .....      NoTele   +   (no ring)
Stlth   ++++......              (no ring)
HPRegen 0.12/turn               (no ring)
MPRegen 0.13/turn               (no ring)
                                (no ring)
                                (no ring)

@: no status effects
A: almost no armour, amphibious, 8 rings, camouflage 1, gelatinous body 1,
(nimble swimmer 1), tentacles
a: Renounce Religion


You were in the Dungeon.
You worshipped Sif Muna.
Sif Muna was noncommittal.
You visited 1 branch You collected 297 gold pieces.

Inventory:

Hand Weapons
 c - a +4 scythe (weapon)
Potions
 a - a potion of curing
 d - a potion of magic


   Skills:
 + Level 0.7 Fighting
 + Level 3.6 Dodging
 + Level 5.0 Stealth
 + Level 4.8 Spellcasting
 * Level 4.0 Conjurations
 * Level 3.8 Hexes
 * Level 9.8 Fire Magic


You had 7 spell levels left.
You knew the following spells:

 Your Spells              Type           Power      Damage    Failure   Level
a - Foxfire               Conj/Fire      100%       2x1d9     1%          1
b - Conjure Flame         Conj/Fire      32%        6-21      1%          3
c - Inner Flame           Hex/Fire       32%        N/A       2%          3

Your spell library contained the following spells:

 Spells                   Type           Power      Damage    Failure   Level
 Sticky Flame             Conj/Fire      32%        2d5       7%          4
 Fireball                 Conj/Fire      16%        3d8       19%         5


Dungeon Overview and Level Annotations

Branches:
Dungeon (1/1)

Altars:
Cheibriados
Dithmenos
Elyvilon
Fedhas
Hepliaklqana
Kikubaaqudgha
Okawaru
Qazlal
Ru
Sif Muna
Trog
Uskayaw
Vehumet
Wu Jian
Yredelemnul
Zin
The Shining One

Shops:
D :


Innate Abilities, Weirdness & Mutations

You cannot wear most types of armour.
You are amphibious.
You can wear up to eight rings at the same time.
Your skin changes colour to match your surroundings (Stealth+).
Your rubbery body absorbs attacks. (AC +1, EV +1)
((You are camouflaged near water. (Stealth+)))
You have tentacles for arms and can constrict up to eight enemies at once.


Message History

Casting: Conjure Flame (safe; 1% risk of failure)
Confirm with . or Enter, or press ? or * to list all spells.
Aiming: Inner Flame (dangerous; 2% risk of failure)
Press: ? - help, Shift-Dir - straight line, f - yak
Aim: a yak (moderately wounded, chance to affect: 86%)
The yak is filled with an inner flame.
Casting: Inner Flame (dangerous; 2% risk of failure)
Confirm with . or Enter, or press ? or * to list all spells.
You conjure some foxfire!
The foxfire hits the yak but does no damage.
The yak is lightly wounded.
The foxfire hits the yak.
Flame seeps out of the yak.
The yak is moderately wounded.
The yak is engulfed in blazing flames.
Flame seeps out of the yak.
Unknown command.
The yak is engulfed in blazing flames.
Flame seeps out of the yak.
The yak misses you.
There is an open door here.
There is an open door here.
Casting: Foxfire (safe; 1% risk of failure)
Confirm with . or Enter, or press ? or * to list all spells.
Okay, then.
Okay, then.
Unknown command.
You see here a +0 robe.
There is an open door here.
There is an open door, spattered with blood here.
Things that are here:
a +0 club; a +1 ring mail of fire resistance The yak gores you!
The yak gores you!
* * * LOW HITPOINT WARNING * * *
You see here a +0 giant club.
Okay, then.
Casting: Foxfire (safe; 1% risk of failure)
Confirm with . or Enter, or press ? or * to list all spells.
Okay, then.
You feel much better. The yak gores you! The yak gores you!
You die...

################
#<.#..'[.#..'..#
#.)@..#..'..#..+
#.Y#####'#####'#
#..# #..#...#(#
#..#__####..##(#
#..#_____##'#_.+
#⌠⌠#_.∩...Y..._#
####_..__##_.#'#
___ ##+#[# # ###


You could see a yak (inner flame).

Vanquished Creatures
  Sigmund (D)
  An ogre (D)
  A jelly (D)
  Ijyb (D)
4 creatures vanquished.

Vanquished Creatures (others)
  28 foxfires (D)
28 creatures vanquished.

Grand Total: 32 creatures vanquished

Notes
Turn   | Place    | Note
-------+----------+-------------------------------------------
     0 | D        | Conn the Octopode Fire Elementalist began the quest for the
                  | Orb.
     0 | D        | Reached XP level 1. HP: 11/11 MP: 3/3
     2 | D        | Noticed Ijyb
    18 | D        | Killed Ijyb
    19 | D        | Reached skill level 5 in Fire Magic
    19 | D        | Reached XP level 2. HP: 16/17 MP: 4/6
    19 | D        | Reached XP level 3. HP: 20/21 MP: 4/7
    46 | D        | Learned a level 3 spell: Conjure Flame
    50 | D        | Learned a level 3 spell: Inner Flame
   145 | D        | Noticed an ogre
   162 | D        | Killed an ogre
   163 | D        | Reached skill level 7 in Fire Magic
   163 | D        | Reached XP level 4. HP: 27/27 MP: 3/9
   224 | D        | Noticed Sigmund
   235 | D        | Killed Sigmund
   236 | D        | Reached skill level 5 in Stealth
   236 | D        | Reached skill level 9 in Fire Magic
   236 | D        | Reached XP level 5. HP: 32/32 MP: 2/12
   236 | D        | Reached XP level 6. HP: 37/37 MP: 2/13
   351 | D        | Found an ornate altar of the Wu Jian Council.
   351 | D        | Found a shimmering blue altar of Sif Muna.
   394 | D        | Found a radiant altar of Vehumet.
   425 | D        | Became a worshipper of Sif Muna the Loreminder
   495 | D        | Found Piaquurr's Book Emporium.
   495 | D        | Found an ancient bone altar of Kikubaaqudgha.
   495 | D        | Found a hazy altar of Hepliaklqana.
   495 | D        | Found a stormy altar of Qazlal.
   495 | D        | Found a hide-covered altar of Uskayaw.
   495 | D        | Found a blossoming altar of Fedhas.
   495 | D        | Found a bloodstained altar of Trog.
   495 | D        | Found an iron altar of Okawaru.
   495 | D        | Found a basalt altar of Yredelemnul.
   495 | D        | Found a glowing golden altar of the Shining One.
   495 | D        | Found a snail-covered altar of Cheibriados.
   495 | D        | Found a sacrificial altar of Ru.
   495 | D        | Found a glowing silver altar of Zin.
   495 | D        | Found a shadowy altar of Dithmenos.
   495 | D        | Found a white marble altar of Elyvilon.
   495 | D        | Noticed a yak
   526 | D        | Slain by a yak

Illustrated notes

Levels and vault maps discovered:
D:        dungeon_sprint_1 [red_sonja_temple_1, red_sonja_temple_small_1]

Skill      XL: |  1  2  3  4  5  6 |
---------------+-------------------+-----
Stealth        | 3 4 5 |  5.0
Spellcasting   | 3 4 |  4.8
Fire Magic     | 5 7 9 |  9.8
Dodging        | 3 |  3.6
Conjurations   | 2 3 4 |  4.0
Hexes          | 2 3 |  3.8
Fighting       | |  0.7

Action                   |  1- 3 |  4- 6 || total
-------------------------+-------+-------++-------
Melee: Unarmed           |    10 |       ||    10
       Constrict         |     1 |       ||     1
       Tentacles         |     1 |       ||     1
 Cast: Foxfire           |     4 |    16 ||    20
       Inner Flame       |     2 |     2 ||     4
       Conjure Flame     |     1 |     4 ||     5
  Use: Potion            |     3 |     1 ||     4
       Scroll            |     1 |       ||     1
Armor: Skin              |     1 |       ||     1
Dodge: Dodged            |     2 |     1 ||     3

Table legend: (Time is in decaauts)
 A = Elapsed time spent in this place.
 B = Non-inter-level travel time spent in this place.
 C = Inter-level travel time spent in this place.
 D = Time resting spent in this place.
 E = Time spent auto-exploring this place.
 F = Levels seen in this place.
 G = Mean time per level.
                   A        B        C        D        E       F      G
               +--------+--------+--------+--------+--------+-----+--------+
         Total |    520 |    520 |      0 |    295 |      0 |   1 |  520.0 |
       Dungeon |    520 |    520 |      0 |    295 |      0 |   1 |  520.0 |
               +--------+--------+--------+--------+--------+-----+--------+

Top non-repeatable levels by time:
       D: 520 daAuts
